 Dungeon Crawl Stone Soup version 0.17.1-2-g5865329 (webtiles) character file.

16900 Moresty the Bludgeoner (level 12, -10/159 HPs)
             Began as a Minotaur Berserker on Jan 16, 2016.
             Was a High Priest of Trog.
             Mangled by a komodo dragon (27 damage)
             ... on level 2 of the Lair of Beasts.
             The game lasted 00:24:37 (10562 turns).

Moresty the Bludgeoner (Minotaur Berserker)        Turns: 10562, Time: 00:24:38

Health: -10/159    AC: 14    Str: 36    XL:     12   Next: 14%
Magic:  3/3        EV: 13    Int:  4    God:    Trog [*****.]
Gold:   868        SH:  0    Dex: 11    Spells: 0 memorised, 11 levels left

rFire  + + .     SeeInvis .     Q - +2 great mace (antimagic)
rCold  . . .     Clarity  .     m - +0 chain mail
rNeg   . . .     SustAt   .     (shield currently unavailable)
rPois  +         Gourm    +     (helmet restricted)
rElec  .         Spirit   .     (no cloak)
rCorr  .         Warding  .     (no gloves)
rMut   .         Stasis   .     J - +0 pair of boots
MR     .....                    N - amulet of the gourmand
Stlth  ..........               K - ring of Happiness {rPois rF++}
                                x - +5 ring of strength

@: berserking, lethally poisoned (-10 -> -43), slowed, not resistant to hostile
enchantments, extremely unstealthy
A: retaliatory headbutt, horns 2
a: Berserk, Trog's Hand, Brothers in Arms, Burn Spellbooks, Renounce Religion


You were on level 2 of the Lair of Beasts.
You worshipped Trog.
Trog was extremely pleased with you.
You were very hungry.

You visited 2 branches of the dungeon, and saw 13 of its levels.

You collected 868 gold pieces.

Inventory:

Hand Weapons
 y - a +2 dire flail of holy wrath
 z - a +2 flail of protection
 Q - a +2 antimagic great mace (weapon)
 X - a cursed -2 flail
Armour
 m - a +0 chain mail (worn)
 F - a +0 ring mail
 J - a +0 pair of boots (worn)
Magical Staves
 Y - an uncursed staff of wizardry
Jewellery
 x - a +5 ring of strength (left hand)
 D - an uncursed ring of sustain attributes
 K - the ring of Happiness (right hand) {rPois rF++}
   (You found it on level 7 of the Dungeon)

   [ring of poison resistance]

   It greatly protects you from fire.
   It protects you from poison.
 N - an amulet of the gourmand (around neck)
 P - an uncursed amulet of regeneration
Wands
 a - a wand of disintegration (19)
 M - a wand of random effects (17)
 O - a wand of fireball (6)
 S - a wand of draining (7)
 V - a wand of draining (8)
Scrolls
 d - 4 scrolls of magic mapping
 g - 3 scrolls of fog
 h - 4 scrolls of remove curse
 l - 2 scrolls of teleportation
 q - 2 scrolls of blinking {unknown}
 r - 2 scrolls of random uselessness
 s - a scroll of enchant weapon {unknown}
 t - 3 scrolls of identify
 A - 4 scrolls of immolation
 C - a scroll of recharging {unknown}
 H - 2 scrolls of enchant armour {unknown}
 I - 2 scrolls of fear {unknown}
 W - a scroll of acquirement {unknown}
 Z - a scroll of amnesia {unknown}
Potions
 b - a potion of mutation {unknown}
 e - 4 potions of lignification
 f - 3 potions of haste
 k - a potion of might {unknown}
 n - 3 potions of magic
 o - a potion of flight {unknown}
 p - 8 potions of curing
 u - a potion of ambrosia {unknown}
 v - a potion of poison {unknown}
 B - 2 potions of agility
 L - a potion of cure mutation {unknown}
 R - a potion of degeneration {unknown}
 T - a potion of brilliance {unknown}
 U - 2 potions of heal wounds
Comestibles
 c - 12 bread rations
 i - 5 fruits
 j - 5 beef jerkies
 w - 2 chunks of flesh
 E - 5 meat rations
 G - 9 slices of pizza


   Skills:
 + Level 9.8 Fighting
 - Level 15.4 Maces & Flails
 * Level 12.4 Armour
 + Level 8.6 Dodging
 - Level 0.3 Stealth


You had 11 spell levels left.
You didn't know any spells.

Dungeon Overview and Level Annotations

Branches:
Dungeon (11/15)            Temple (0/1) D:7            Lair (2/8) D:11
    Orc: D:9-12

Altars:
Ashenzari
Elyvilon
Gozag
Kikubaaqudgha
Okawaru
Qazlal
Ru
Sif Muna
Vehumet
Xom
Zin
The Shining One

Shops:
D:4 ?

Annotations:
Lair:2 Sonja


Innate Abilities, Weirdness & Mutations

You reflexively headbutt those who attack you in melee.
You have a pair of horns on your head.


Message History

* * * LOW HITPOINT WARNING * * *
You are more poisoned.
Sonja closely misses you. Sonja hits you but does no damage.
You are more poisoned.
The komodo dragon bites you but does no damage.
The water moccasin bites you but does no damage.
You are too berserk!
You are too injured to fight recklessly!
You are too injured to fight recklessly!
You are too berserk!
You are too injured to fight recklessly!
You are too injured to fight recklessly!
You feel very sick. The komodo dragon bites you!!
* * * LOW HITPOINT WARNING * * *
Sonja hits the fungus with an uncursed short sword of venom!
The fungus is poisoned.
Sonja hits the fungus with an uncursed short sword of venom. x2
The komodo dragon bites you!!
You die...

####.......##
##....##.##
#......#
#..........
......#.
##.........
##......#
###........
#.#..###..#
#.F## ## ##Ht#
##l..# #@FSP#
#.lK## ##.(.#
#....# #....#
.......(..<....
................
................
................


You could see 2 komodo dragons, a hippogriff, 2 spiny frogs, Sonja, a water
moccasin and a crocodile.

Vanquished Creatures
  2 hydras (Lair:1)
  Pikel (D:7)
  2 hill giants (D:10)
  2 black mambas (Lair:2)
  3 spiny frogs
  3 komodo dragons
  A troll (D:11)
  2 two-headed ogres (D:9)
  Prince Ribbit (D:7)
  A wyvern (D:8)
  Sigmund (D:3)
  29 yaks
  A human (D:8)
  2 hungry ghosts (D:7)
  6 hippogriffs
  A wolf (Lair:2)
  Menkaure (D:6)
  5 orc warriors
  3 porcupines
  An ice beast (D:11)
  A water moccasin (Lair:1)
  4 sky beasts
  5 ogres
  3 phantoms
  5 centaurs
  4 crocodiles
  A brain worm (D:11)
  2 big kobolds
  6 giant frogs
  2 wyvern zombies
  A wyvern skeleton (D:10)
  2 scorpions
  6 hounds
  4 crimson imps
  2 giant frog zombies
  A quasit (D:8)
  7 jellies
  A giant frog skeleton (D:8)
  An orc priest (D:10)
  7 worker ants
  11 orc wizards
  4 iguanas
  4 sheep (D:8)
  3 gnolls (D:2)
  A hound skeleton (D:10)
  3 worker ant zombies
  Robin (D:2)
  10 adders
  7 river rats (Lair:1)
  2 shadow imps (D:10)
  2 oozes
  4 adder skeletons
  6 worms
  5 giant geckos
  45 orcs
  A ball python (D:5)
  3 giant cockroaches
  10 hobgoblins
  3 quokkas
  8 bats
  2 giant newts
  17 goblins
  14 jackals
  A jackal zombie (D:6)
  22 kobolds
  2 quokka skeletons
  14 rats
338 creatures vanquished.

Vanquished Creatures (collateral kills)
  3 river rats (Lair:1)
3 creatures vanquished.

Vanquished Creatures (others)
  A giant frog skeleton (D:7)
  6 fungi (D:11)
  2 plants (D:11)
9 creatures vanquished.

Grand Total: 350 creatures vanquished

Notes
Turn   | Place    | Note
--------------------------------------------------------------
     0 | D:1      | Moresty the Minotaur Berserker began the quest for the Orb.
     0 | D:1      | Reached XP level 1. HP: 19/19 MP: 0/0
   145 | D:1      | Reached XP level 2. HP: 24/27 MP: 1/1
   226 | D:1      | Reached skill level 4 in Maces & Flails
   872 | D:2      | Reached XP level 3. HP: 30/33 MP: 2/2
   875 | D:2      | Reached ** piety under Trog
  1201 | D:2      | Noticed Robin
  1214 | D:2      | Reached XP level 4. HP: 41/41 MP: 3/3
  1227 | D:2      | Killed Robin
  1533 | D:2      | Reached *** piety under Trog
  1643 | D:3      | Reached skill level 5 in Maces & Flails
  1643 | D:3      | Reached XP level 5. HP: 37/47 MP: 4/4
  1808 | D:3      | Noticed Sigmund
  1817 | D:3      | Killed Sigmund
  1817 | D:3      | Reached skill level 6 in Maces & Flails
  1817 | D:3      | Reached XP level 6. HP: 23/53 MP: 5/5
  2002 | D:3      | Found a glowing silver altar of Zin.
  2097 | D:3      | Reached skill level 7 in Maces & Flails
  2338 | D:3      | Found an ancient bone altar of Kikubaaqudgha.
  3020 | D:4      | Found Pijerey's Magic Scroll Shoppe.
  3340 | D:4      | Reached **** piety under Trog
  3343 | D:4      | Reached skill level 8 in Maces & Flails
  3345 | D:4      | Reached XP level 7. HP: 29/60 MP: 6/6
  4028 | D:5      | Entered Level 5 of the Dungeon
  4035 | D:5      | Reached skill level 9 in Maces & Flails
  4127 | D:5      | Reached skill level 10 in Maces & Flails
  4204 | D:5      | Found a shimmering altar of Xom.
  4374 | D:5      | Reached XP level 8. HP: 67/67 MP: 7/7
  4602 | D:6      | Found a radiant altar of Vehumet.
  4642 | D:6      | Reached skill level 11 in Maces & Flails
  4686 | D:6      | Found a stormy altar of Qazlal.
  4694 | D:6      | Noticed Menkaure
  4703 | D:6      | Killed Menkaure
  4964 | D:6      | Found a glowing golden altar of the Shining One.
  5051 | D:6      | Reached ***** piety under Trog
  5125 | D:6      | Found an iron altar of Okawaru.
  5361 | D:6      | Found a sacrificial altar of Ru.
  5420 | D:7      | Found an opulent altar of Gozag.
  5422 | D:7      | Got a sparkling bronze ring
  5432 | D:7      | Identified the ring of Happiness {rPois rF++} (You found it on level 7 of the Dungeon)
  5549 | D:7      | Noticed Pikel
  5562 | D:7      | Killed Pikel
  5562 | D:7      | Reached skill level 12 in Maces & Flails
  5574 | D:7      | Found a staircase to the Ecumenical Temple.
  5610 | D:7      | Found a white marble altar of Elyvilon.
  5648 | D:7      | Reached skill level 13 in Maces & Flails
  5661 | D:7      | Noticed Prince Ribbit
  5672 | D:7      | Killed Prince Ribbit
  5672 | D:7      | Reached XP level 9. HP: 49/72 MP: 8/8
  6095 | D:8      | Reached skill level 14 in Maces & Flails
  6160 | D:8      | Found a deep blue altar of Sif Muna.
  6238 | D:8      | Received a gift from Trog
  6682 | D:8      | Reached skill level 15 in Maces & Flails
  7236 | D:9      | Found a glowing golden altar of the Shining One.
  7262 | D:9      | Reached XP level 10. HP: 80/80 MP: 3/9
  7266 | D:9      | Reached skill level 5 in Fighting
  7286 | D:9      | Reached skill level 5 in Armour
  7385 | D:9      | Reached skill level 5 in Dodging
  7403 | D:9      | Found a shattered altar of Ashenzari.
  7554 | D:10     | Entered Level 10 of the Dungeon
  7709 | D:10     | Noticed a hill giant
  7718 | D:10     | Killed a hill giant
  7780 | D:10     | Noticed a hill giant
  7787 | D:10     | Killed a hill giant
  8385 | D:11     | Reached XP level 11. HP: 92/92 MP: 3/10
  8848 | D:11     | Received a gift from Trog
  8891 | D:11     | Found a staircase to the Lair.
  8940 | D:11     | Reached skill level 10 in Armour
  9200 | Lair:1   | Entered Level 1 of the Lair of Beasts
  9232 | Lair:1   | Noticed a seven-headed hydra
  9241 | Lair:1   | Killed a seven-headed hydra
  9620 | Lair:1   | Noticed an eight-headed hydra
  9628 | Lair:1   | Killed an eight-headed hydra
  9694 | Lair:1   | Received a gift from Trog
 10257 | Lair:2   | Reached XP level 12. HP: 93/105 MP: 3/11
 10551 | Lair:2   | Noticed Sonja
 10562 | Lair:2   | Mangled by a komodo dragon

Action                   |  1- 3 |  4- 6 |  7- 9 | 10-12 || total
-------------------------+-------+-------+-------+-------++-------
Melee: Mace              |    70 |    15 |       |       ||    85
       Flail             |       |   102 |   195 |       ||   297
       Great mace        |       |       |    53 |   361 ||   414
Invok: Berserk           |     2 |     1 |     3 |     5 ||    11
       Burn Spellbooks   |       |       |     2 |     1 ||     3
       Brothers in Arms  |       |       |     1 |     2 ||     3
  Use: Scroll            |       |     8 |     3 |     3 ||    14
       Potion            |       |       |       |     1 ||     1
 Stab: Sleeping          |       |     4 |       |       ||     4
  Eat: Chunk             |     2 |     8 |    19 |    16 ||    45
       Pizza             |       |       |       |     1 ||     1
